| TOP OF THE 1ST |
|
Greeneville Astros batting - Pitching for Pulaski Yankees : LHP Jessie Neal
|
|
Pitching: LHP Jessie Neal
|
|
|
Batting: LHB Lou Toth
|
0-0: Ball 1-0: Ball 2-0: Foul Ball, location: 2F 2-1: Foul Ball, location: 2F 2-2: Foul Ball, location: 2F 2-2: Ball 3-2: Fly out, F8 (Line Drive, 78M, EV 113.1 MPH)
|
|
Batting: RHB Jason Monico
|
0-0: Ball 1-0: Foul Ball, location: 2F 1-1: Ball 2-1: Foul Ball, location: 2F 2-2: Strikes out swinging
|
|
Batting: RHB Hugo Priego
|
0-0: Foul Ball, location: 2F 0-1: Ball 1-1: Fly out, F8 (Flyball, 8LS, EV 85.6 MPH)
|
| Top of the 1st over - 0 runs, 0 hits, 0 errors, 0 left on base; Greeneville 0 - Pulaski 0 |
| BOTTOM OF THE 1ST |
|
Pulaski Yankees batting - Pitching for Greeneville Astros : RHP Tony Barrios
|
|
Pitching: RHP Tony Barrios
|
|
|
Batting: RHB Ken Stair
|
0-0: Ball 1-0: Foul Ball, location: 2F 1-1: Foul Ball, location: 2F 1-2: Ball 2-2: Ball 3-2: Strikes out looking
|
|
Batting: LHB Justin Short
|
0-0: Swinging Strike 0-1: Ball 1-1: Ball 2-1: Ball 3-1: Swinging Strike 3-2: Base on Balls
|
|
Batting: RHB Yasuoka Tsuda
|
0-0: SINGLE (Line Drive, 4MD, EV 98.8 MPH) Justin Short to second
|
|
Batting: RHB Michael Patterson
|
0-0: Called Strike 0-1: Called Strike 0-2: Ball 1-2: Foul Ball, location: 2F 1-2: Foul Ball, location: 2F 1-2: Foul Ball, location: 2F 1-2: Ball 2-2: Foul Ball, location: 2F 2-2: Foul Ball, location: 2F 2-2: Fly out, F8 (Flyball, 8LXD, EV 95.6 MPH) Runner from 2nd tags up, SAFE at 3rd, no throw by CF
|
|
Batting: RHB Paul Ngumi
|
0-0: Swinging Strike 0-1: Called Strike 0-2: Fly out, F8 (Flyball, 8LD, EV 98.1 MPH)
|
| Bottom of the 1st over - 0 runs, 1 hit, 0 errors, 2 left on base; Greeneville 0 - Pulaski 0 |
| TOP OF THE 2ND |
|
Greeneville Astros batting - Pitching for Pulaski Yankees : LHP Jessie Neal
|
|
Batting: RHB Areda Obote
|
0-0: Foul Ball, location: 2F 0-1: Ball 1-1: Swinging Strike 1-2: Ball 2-2: Strikes out swinging
|
|
Batting: RHB Keith Goodwin
|
0-0: Ball 1-0: Ground out 5-3 (Groundball, 56S, EV 83.8 MPH)
|
|
Batting: RHB Roger Pelley
|
0-0: Ball 1-0: Called Strike 1-1: Foul Ball, location: 2F 1-2: Strikes out swinging
|
| Top of the 2nd over - 0 runs, 0 hits, 0 errors, 0 left on base; Greeneville 0 - Pulaski 0 |
| BOTTOM OF THE 2ND |
|
Pulaski Yankees batting - Pitching for Greeneville Astros : RHP Tony Barrios
|
|
Batting: SHB Dylan Best
|
0-0: Swinging Strike 0-1: Foul Ball, location: 2F 0-2: Ball 1-2: Foul Ball, location: 2F 1-2: Strikes out swinging
|
|
Batting: LHB Troy Jones
|
0-0: Called Strike 0-1: Ball 1-1: Ball 2-1: Ball 3-1: Called Strike 3-2: Base on Balls
|
|
Batting: RHB Victor Garcia
|
0-0: Ball 1-0: Swinging Strike 1-1: Swinging Strike 1-2: Ball 2-2: Strikes out looking
|
|
Batting: RHB Mustafa bin Gamali
|
0-0: Foul Ball, location: 2F 0-1: Ball 1-1: Ball 2-1: Foul Ball, location: 2F 2-2: Strikes out swinging
|
| Bottom of the 2nd over - 0 runs, 0 hits, 0 errors, 1 left on base; Greeneville 0 - Pulaski 0 |
| TOP OF THE 3RD |
|
Greeneville Astros batting - Pitching for Pulaski Yankees : LHP Jessie Neal
|
|
Batting: RHB Jarno van Lente
|
0-0: Ball 1-0: Ball 2-0: Ball 3-0: Called Strike 3-1: Base on Balls
|
|
Batting: LHB Guadalupe Gonzalez
|
0-0: Ball 1-0: Ball 2-0: Foul Ball, location: 2F 2-1: Foul Ball, location: 2F 2-2: Foul Ball, location: 2F 2-2: Ball 3-2: Base on Balls Jarno van Lente to second
|
|
Batting: RHB Domingas Saragoa
|
0-0: Ball 1-0: Ball 2-0: Foul Ball, location: 2F 2-1: Ball 3-1: Base on Balls Jarno van Lente to third Guadalupe Gonzalez to second
|
|
Batting: LHB Lou Toth
|
0-0: Ball Wild Pitch! Jarno van Lente scores Guadalupe Gonzalez to third Domingas Saragoa to second 1-0: SINGLE (Groundball, 6, EV 99.4 MPH) Guadalupe Gonzalez scores Domingas Saragoa to third
|
|
Batting: RHB Jason Monico
|
0-0: Ball 1-0: Called Strike 1-1: DOUBLE (Line Drive, 89M, EV 104.4 MPH) Domingas Saragoa scores Lou Toth to third Runner from 3rd tries for Home, SAFE, no throw by CF
|
|
Batting: RHB Hugo Priego
|
0-0: Ball 1-0: Swinging Strike 1-1: Ball 2-1: Called Strike 2-2: Strikes out swinging
|
|
Batting: RHB Areda Obote
|
0-0: Foul Ball, location: 2F 0-1: Ball 1-1: Called Strike 1-2: Ball 2-2: Ground out 6-3 (Groundball, 6, EV 87.5 MPH) Jason Monico to third
|
|
Batting: RHB Keith Goodwin
|
0-0: Ball 1-0: Called Strike 1-1: Ball 2-1: Ball 3-1: Fly out, F7 (Flyball, 7, EV 90.0 MPH)
|
| Top of the 3rd over - 4 runs, 2 hits, 0 errors, 1 left on base; Greeneville 4 - Pulaski 0 |
| BOTTOM OF THE 3RD |
|
Pulaski Yankees batting - Pitching for Greeneville Astros : RHP Tony Barrios
|
|
Batting: RHB Ken Stair
|
0-0: Foul Ball, location: 2F 0-1: Ball 1-1: SINGLE (Groundball, 6MD, EV 105.6 MPH)
|
|
Batting: LHB Justin Short
|
0-0: Fly out, F7 (Flyball, 7, EV 90.6 MPH)
|
|
Batting: RHB Yasuoka Tsuda
|
0-0: Ball 1-0: Ball 2-0: Ball 3-0: Called Strike 3-1: Base on Balls Ken Stair to second
|
|
Batting: RHB Michael Patterson
|
0-0: Foul Ball, location: 2F 0-1: Ball 1-1: Ball 2-1: DOUBLE (Flyball, 89XD, EV 91.9 MPH) Ken Stair scores Yasuoka Tsuda to third
|
|
Batting: RHB Paul Ngumi
|
0-0: Fly out, F3 (Popup, 3F, EV 57.5 MPH)
|
|
Batting: SHB Dylan Best
|
0-0: Fly out, F4 (Line Drive, 4D, EV 72.5 MPH)
|
| Bottom of the 3rd over - 1 run, 2 hits, 0 errors, 2 left on base; Greeneville 4 - Pulaski 1 |
| TOP OF THE 4TH |
|
Greeneville Astros batting - Pitching for Pulaski Yankees : LHP Jessie Neal
|
|
Batting: RHB Roger Pelley
|
0-0: Ball 1-0: DOUBLE (Flyball, 8RXD, EV 108.8 MPH)
|
|
Batting: RHB Jarno van Lente
|
0-0: Swinging Strike 0-1: Ball 1-1: Swinging Strike 1-2: Foul Ball, location: 2F 1-2: Foul Ball, location: 2F 1-2: Foul Ball, location: 2F 1-2: Ball 2-2: Strikes out swinging
|
|
Batting: LHB Guadalupe Gonzalez
|
0-0: Ball 1-0: Foul Ball, location: 2F 1-1: Swinging Strike 1-2: Ball 2-2: Ball 3-2: Strikes out swinging
|
|
Pitching: RHP Manny de la Cruz
|
|
|
Batting: RHB Domingas Saragoa
|
0-0: Called Strike 0-1: Ball 1-1: SINGLE (Groundball, 34D, EV 94.4 MPH) Roger Pelley to third
|
|
Batting: LHB Lou Toth
|
0-0: Ball 1-0: Ball 2-0: Fly out, F8 (Flyball, 78M, EV 91.9 MPH)
|
| Top of the 4th over - 0 runs, 2 hits, 0 errors, 2 left on base; Greeneville 4 - Pulaski 1 |
| BOTTOM OF THE 4TH |
|
Pulaski Yankees batting - Pitching for Greeneville Astros : RHP Tony Barrios
|
|
Batting: LHB Troy Jones
|
0-0: Ball 1-0: TRIPLE (Flyball, 89XD, EV 93.1 MPH)
|
|
Batting: RHB Victor Garcia
|
0-0: Swinging Strike 0-1: Swinging Strike 0-2: Strikes out looking
|
|
Batting: RHB Mustafa bin Gamali
|
0-0: 2-RUN HOME RUN (Flyball, 78XD, EV 110.6 MPH), Distance : 425 ft
|
|
Batting: RHB Ken Stair
|
0-0: Ball 1-0: Foul Ball, location: 2F 1-1: Ground out 6-3 (Groundball, 6, EV 83.8 MPH)
|
|
Batting: LHB Justin Short
|
0-0: Called Strike 0-1: Ball 1-1: Ball 2-1: SOLO HOME RUN (Flyball, 89XD, EV 100.0 MPH), Distance : 405 ft
|
|
Batting: RHB Yasuoka Tsuda
|
0-0: Ground out 4-3 (Groundball, 4, EV 82.5 MPH)
|
| Bottom of the 4th over - 3 runs, 3 hits, 0 errors, 0 left on base; Greeneville 4 - Pulaski 4 |
| TOP OF THE 5TH |
|
Greeneville Astros batting - Pitching for Pulaski Yankees : RHP Manny de la Cruz
|
|
Batting: RHB Jason Monico
|
0-0: DOUBLE (Groundball, 5L, EV 111.2 MPH)
|
|
Batting: RHB Hugo Priego
|
0-0: Ball 1-0: Called Strike 1-1: Ball 2-1: Swinging Strike 2-2: Strikes out swinging, 2-3 out at first.
|
|
Batting: RHB Areda Obote
|
0-0: Foul Ball, location: 2F 0-1: Ball Jason Monico steals 3rd base 1-1: Ball 2-1: Called Strike 2-2: Ball 3-2: SINGLE (Groundball, 4MD, EV 95.0 MPH) Jason Monico scores
|
|
Batting: RHB Keith Goodwin
|
0-0: Swinging Strike 0-1: Ball 1-1: Fly out, F7 (Flyball, 7, EV 85.6 MPH)
|
|
Batting: RHB Roger Pelley
|
0-0: Called Strike 0-1: Ball 1-1: SINGLE (Groundball, P, EV 86.9 MPH) (infield hit) Areda Obote to second
|
|
Batting: RHB Jarno van Lente
|
0-0: Called Strike 0-1: Ball 1-1: Fly out, F9 (Flyball, 9D, EV 100.0 MPH)
|
| Top of the 5th over - 1 run, 3 hits, 0 errors, 2 left on base; Greeneville 5 - Pulaski 4 |
| BOTTOM OF THE 5TH |
|
Pulaski Yankees batting - Pitching for Greeneville Astros : RHP Tony Barrios
|
|
Batting: RHB Michael Patterson
|
0-0: Ball 1-0: Ball 2-0: Called Strike 2-1: Swinging Strike 2-2: Foul Ball, location: 2F 2-2: Foul Ball, location: 2F 2-2: Ball 3-2: Base on Balls
|
|
Pitching: RHP Kuaika Anakala
|
|
|
Batting: RHB Paul Ngumi
|
0-0: Foul Ball, location: 2F 0-1: Foul Ball, location: 2F 0-2: Ball 1-2: Foul Ball, location: 2F 1-2: Strikes out swinging
|
|
Batting: SHB Dylan Best
|
0-0: SINGLE (Line Drive, 6MD, EV 98.8 MPH) Michael Patterson to second
|
|
Batting: LHB Troy Jones
|
0-0: Swinging Strike 0-1: Called Strike 0-2: Strikes out swinging
|
|
Pinch Hitting: LHB Chris Viehman
|
0-0: Ball 1-0: Ball 2-0: Ball 3-0: Base on Balls Michael Patterson to third Dylan Best to second
|
|
Batting: RHB Mustafa bin Gamali
|
0-0: Ball 1-0: Fly out, F9 (Flyball, 89M, EV 90.6 MPH)
|
| Bottom of the 5th over - 0 runs, 1 hit, 0 errors, 3 left on base; Greeneville 5 - Pulaski 4 |
| TOP OF THE 6TH |
|
Greeneville Astros batting - Pitching for Pulaski Yankees : RHP Manny de la Cruz
|
|
Now at 2B: Chris Viehman
|
|
|
Now at 3B: Paul Ngumi
|
|
|
Batting: LHB Guadalupe Gonzalez
|
0-0: Foul Ball, location: 2F 0-1: SOLO HOME RUN (Line Drive, 78XD, EV 115.0 MPH), Distance : 435 ft
|
|
Batting: RHB Domingas Saragoa
|
0-0: Ball 1-0: Ball 2-0: Ground out 4-3 (Groundball, 4MD, EV 92.5 MPH)
|
|
Batting: LHB Lou Toth
|
0-0: Swinging Strike 0-1: Ground out 6-3 (Groundball, 6, EV 101.9 MPH)
|
|
Batting: RHB Jason Monico
|
0-0: Bunt missed! 0-1: Foul Ball, location: 2F 0-2: Ball 1-2: Ground out 6-3 (Groundball, 6, EV 90.6 MPH)
|
| Top of the 6th over - 1 run, 1 hit, 0 errors, 0 left on base; Greeneville 6 - Pulaski 4 |
| BOTTOM OF THE 6TH |
|
Pulaski Yankees batting - Pitching for Greeneville Astros : RHP Kuaika Anakala
|
|
Batting: RHB Ken Stair
|
0-0: Swinging Strike 0-1: Fly out, F9 (Flyball, 9, EV 98.1 MPH)
|
|
Batting: LHB Justin Short
|
0-0: Swinging Strike 0-1: Swinging Strike 0-2: Ball 1-2: Ball 2-2: Ground out 4-3 (Groundball, 4, EV 85.0 MPH)
|
|
Batting: RHB Yasuoka Tsuda
|
0-0: Swinging Strike 0-1: Ground out 6-3 (Groundball, 56, EV 100.6 MPH)
|
| Bottom of the 6th over - 0 runs, 0 hits, 0 errors, 0 left on base; Greeneville 6 - Pulaski 4 |
| TOP OF THE 7TH |
|
Greeneville Astros batting - Pitching for Pulaski Yankees : RHP Manny de la Cruz
|
|
Pitching: RHP Jon Campbell
|
|
|
Batting: RHB Hugo Priego
|
0-0: Called Strike 0-1: Called Strike 0-2: Ball 1-2: Strikes out swinging
|
|
Batting: RHB Areda Obote
|
0-0: Foul Ball, location: 2F 0-1: Ball 1-1: Ball 2-1: Called Strike 2-2: Strikes out swinging
|
|
Batting: RHB Keith Goodwin
|
0-0: DOUBLE (Line Drive, 78XD, EV 96.2 MPH)
|
|
Batting: RHB Roger Pelley
|
0-0: Ball 1-0: Ball 2-0: Ball 3-0: Called Strike 3-1: Base on Balls
|
|
Batting: RHB Jarno van Lente
|
0-0: Ball 1-0: Ball 2-0: Swinging Strike 2-1: Foul Ball, location: 2F 2-2: Ball 3-2: Base on Balls Keith Goodwin to third Roger Pelley to second
|
|
Batting: LHB Guadalupe Gonzalez
|
0-0: Called Strike 0-1: Ball 1-1: Ball 2-1: Ball 3-1: Foul Ball, location: 2F 3-2: Base on Balls Keith Goodwin scores Roger Pelley to third Jarno van Lente to second
|
|
Pitching: RHP Chris Bryant
|
|
|
Batting: RHB Domingas Saragoa
|
0-0: Ball 1-0: Ground out 3-1 (Groundball, 34, EV 89.4 MPH)
|
| Top of the 7th over - 1 run, 1 hit, 0 errors, 3 left on base; Greeneville 7 - Pulaski 4 |
| BOTTOM OF THE 7TH |
|
Pulaski Yankees batting - Pitching for Greeneville Astros : RHP Kuaika Anakala
|
|
Batting: RHB Michael Patterson
|
0-0: Ball 1-0: Ball 2-0: Fly out, F9 (Flyball, 9, EV 88.8 MPH)
|
|
Batting: RHB Paul Ngumi
|
0-0: Called Strike 0-1: Foul Ball, location: 2F 0-2: Ball 1-2: Foul Ball, location: 2F 1-2: Ball 2-2: Ground out 6-3 (Groundball, 6, EV 80.0 MPH)
|
|
Pitching: RHP Marty Jackson
|
|
|
Batting: SHB Dylan Best
|
0-0: Ball 1-0: Swinging Strike 1-1: SOLO HOME RUN (Line Drive, 89XD, EV 116.2 MPH), Distance : 450 ft
|
|
Batting: LHB Troy Jones
|
0-0: Called Strike 0-1: Ground out 4-3 (Groundball, 34D, EV 108.1 MPH)
|
| Bottom of the 7th over - 1 run, 1 hit, 0 errors, 0 left on base; Greeneville 7 - Pulaski 5 |
| TOP OF THE 8TH |
|
Greeneville Astros batting - Pitching for Pulaski Yankees : RHP Chris Bryant
|
|
Batting: LHB Lou Toth
|
0-0: Foul Ball, location: 2F 0-1: Ball 1-1: Called Strike 1-2: Ball 2-2: Ball 3-2: Base on Balls
|
|
Batting: RHB Jason Monico
|
0-0: Bunted foul 0-1: Ball 1-1: Sac Bunt to 25 - play at first, batter OUT! 5-3 Lou Toth to second
|
|
Batting: RHB Hugo Priego
|
0-0: Ball 1-0: SINGLE (Groundball, 56D, EV 103.1 MPH) Lou Toth to third Runner from 3rd tries for Home, SAFE, throw by LF to home
|
|
Batting: RHB Areda Obote
|
0-0: Ball 1-0: Foul Ball, location: 2F 1-1: Ball 2-1: Ball 3-1: Base on Balls Hugo Priego to second
|
|
Batting: RHB Keith Goodwin
|
0-0: Ball 1-0: Ball 2-0: Ball 3-0: Called Strike 3-1: Swinging Strike 3-2: Foul Ball, location: 2F 3-2: Base on Balls Hugo Priego to third Areda Obote to second
|
|
Batting: RHB Roger Pelley
|
0-0: Called Strike 0-1: Foul Ball, location: 2F 0-2: Ball 1-2: Foul Ball, location: 2F 1-2: Foul Ball, location: 2F 1-2: Ball 2-2: Ball 3-2: Base on Balls Hugo Priego scores Areda Obote to third Keith Goodwin to second
|
|
Pitching: RHP Eric Patrick
|
|
|
Batting: RHB Jarno van Lente
|
0-0: Called Strike 0-1: GRAND SLAM HOME RUN (Flyball, 7LD, EV 96.9 MPH), Distance : 345 ft
|
|
Batting: LHB Guadalupe Gonzalez
|
0-0: Called Strike 0-1: Ball 1-1: Ball 2-1: Ball 3-1: Swinging Strike 3-2: Reached on error, E4 (Groundball, 34, EV 108.1 MPH)
|
|
Batting: RHB Domingas Saragoa
|
0-0: Foul Ball, location: 2F 0-1: Foul Ball, location: 2F 0-2: Strikes out looking
|
|
Batting: LHB Lou Toth
|
0-0: Foul Ball, location: 2F 0-1: Called Strike 0-2: Foul Ball, location: 2F 0-2: Strikes out looking
|
| Top of the 8th over - 6 runs, 2 hits, 1 error, 1 left on base; Greeneville 13 - Pulaski 5 |
| BOTTOM OF THE 8TH |
|
Pulaski Yankees batting - Pitching for Greeneville Astros : RHP Marty Jackson
|
|
Batting: LHB Chris Viehman
|
0-0: Reached on error, E4 (Groundball, 4, EV 86.9 MPH)
|
|
Batting: RHB Mustafa bin Gamali
|
0-0: Called Strike 0-1: Ball 1-1: Swinging Strike 1-2: Ball 2-2: Foul Ball, location: 2F 2-2: Fly out, F7 (Flyball, 7D, EV 88.8 MPH)
|
|
Batting: RHB Ken Stair
|
0-0: Ball 1-0: Ball 2-0: Ball 3-0: Called Strike 3-1: Base on Balls Chris Viehman to second
|
|
Batting: LHB Justin Short
|
0-0: Swinging Strike 0-1: Swinging Strike 0-2: Foul Ball, location: 2F 0-2: Foul Ball, location: 2F 0-2: Strikes out swinging
|
|
Batting: LHB Carlos Palau
|
0-0: Ball 1-0: Ball 2-0: Ball Passed Ball! Chris Viehman to third Ken Stair to second 3-0: Base on Balls
|
|
Batting: RHB Michael Patterson
|
0-0: Called Strike 0-1: Ball 1-1: Swinging Strike 1-2: Ball 2-2: DOUBLE (Flyball, 8RD, EV 103.1 MPH) Chris Viehman scores Ken Stair scores Carlos Palau to third
|
|
Batting: RHB Paul Ngumi
|
0-0: Called Strike 0-1: 3-RUN HOME RUN (Flyball, 7D, EV 96.9 MPH), Distance : 372 ft
|
|
Pitching: RHP Marc Marchand
|
|
|
Batting: SHB Dylan Best
|
0-0: Ball 1-0: Foul Ball, location: 2F 1-1: Ball 2-1: Ground out 2-3 (Groundball, 15S, EV 67.5 MPH)
|
| Bottom of the 8th over - 5 runs, 2 hits, 1 error, 0 left on base; Greeneville 13 - Pulaski 10 |
| TOP OF THE 9TH |
|
Greeneville Astros batting - Pitching for Pulaski Yankees : RHP Eric Patrick
|
|
Batting: RHB Jason Monico
|
0-0: Called Strike 0-1: Ground out U3 (Groundball, 3S, EV 88.8 MPH)
|
|
Batting: RHB Hugo Priego
|
0-0: Ball 1-0: Swinging Strike 1-1: Swinging Strike 1-2: Strikes out swinging
|
|
Batting: RHB Areda Obote
|
0-0: Ball 1-0: Ball 2-0: Ball 3-0: Called Strike 3-1: Called Strike 3-2: DOUBLE (Line Drive, 7LD, EV 106.9 MPH)
|
|
Pitching: RHP Mauricio Zambrana
|
|
|
Batting: RHB Keith Goodwin
|
0-0: Ball 1-0: SINGLE (Groundball, 56D, EV 106.2 MPH) Areda Obote to third Runner from 3rd tries for Home, SAFE, throw by LF to home
|
|
Batting: RHB Roger Pelley
|
0-0: Swinging Strike 0-1: Called Strike 0-2: Foul Ball, location: 2F 0-2: Ball 1-2: Strikes out swinging
|
| Top of the 9th over - 1 run, 2 hits, 0 errors, 1 left on base; Greeneville 14 - Pulaski 10 |
| BOTTOM OF THE 9TH |
|
Pulaski Yankees batting - Pitching for Greeneville Astros : RHP Marc Marchand
|
|
Batting: LHB Troy Jones
|
0-0: Foul Ball, location: 2F 0-1: Foul Ball, location: 2F 0-2: Strikes out swinging
|
|
Batting: LHB Chris Viehman
|
0-0: Ball 1-0: Called Strike 1-1: Foul Ball, location: 2F 1-2: Foul Ball, location: 2F 1-2: SINGLE (Groundball, 6, EV 93.8 MPH)
|
|
Batting: RHB Mustafa bin Gamali
|
0-0: Called Strike 0-1: Swinging Strike Passed Ball! Chris Viehman to second 0-2: Strikes out looking
|
|
Batting: RHB Ken Stair
|
0-0: Ball 1-0: Called Strike 1-1: Ball 2-1: Foul Ball, location: 2F 2-2: Strikes out looking
|
| Bottom of the 9th over - 0 runs, 1 hit, 0 errors, 1 left on base; Greeneville 14 - Pulaski 10 |
|